[Event "Titled Tuesday Blitz September 20 Late 2022"]
[White "Riehle, Marco"]
[Black "Zhigalko, Sergei"]
[WhiteFideId "12904392"]
[BlackFideId "13502956"]
[WhiteElo "2462"]
[BlackElo "2662"]
[Result "0-1"]
[Round "03"]
[TimeControl "180+1"]
[Date "2022.09.20"]
[WhiteClock "0:00:28"]
[BlackClock "0:00:05"]

1. e4 c5 2. a3 Nf6 3. e5 Nd5 4. c4 Nc7 5. b4 d6 6. exd6 exd6 7. Bb2 Nc6 8. Nf3 Bg4 9. Be2 Ne6 10. b5 Na5 11. d3 Be7 12. O-O Nf4 13. h3 Bh5 14. Nbd2 O-O 15. Ne4 d5 16. Ng3 Bg6 17. Rc1 dxc4 18. dxc4 Nxe2+ 19. Nxe2 Bd3 20. Ne5 Bxe2 21. Qxe2 Bf6 22. Nf3 Re8 23. Bxf6 Rxe2 24. Bxd8 Rxd8 25. Rfd1 Rxd1+ 26. Rxd1 g6 27. Rd7 h6 28. Rc7 b6 29. Rxa7 Nxc4 30. a4 Ra2 31. g3 Kg7 32. h4 Kf6 33. g4 g5 34. h5 Nb2 35. a5 bxa5 36. b6 Nc4 37. Rc7 Rb2 38. Rxc5 Rb4 39. Rc6+ Kg7 40. Nd4 Ne5 41. Nf5+ Kh7 42. Rxh6+ Kg8 43. Rd6 a4 44. Rd4 Nf3+ 45. Kg2 Nxd4 46. Nxd4 Rxd4 0-1


[Site "https://www.chess.com"]

[Event "Titled Tuesday Blitz September 20 Late 2022"]
[White "Rosen, Eric"]
[Black "Hansen, Eric"]
[WhiteFideId "2032562"]
[BlackFideId "2606771"]
[WhiteElo "2362"]
[BlackElo "2568"]
[Result "1-0"]
[Round "03"]
[TimeControl "180+1"]
[Date "2022.09.20"]
[WhiteClock "0:00:02"]
[BlackClock "0:00:01"]

1. d4 d5 2. Bf4 Nf6 3. e3 c5 4. Nf3 Bg4 5. Nbd2 cxd4 6. exd4 Nc6 7. c3 e6 8. Be2 Bd6 9. Bxd6 Qxd6 10. O-O O-O 11. Re1 Rab8 12. a4 Bf5 13. a5 h6 14. Nb3 Qc7 15. Bd3 Ne4 16. Qe2 b6 17. axb6 Rxb6 18. Nc5 Nd6 19. b4 Bxd3 20. Qxd3 Qc8 21. Ra2 Re8 22. h3 Re7 23. Nd2 e5 24. dxe5 Nxe5 25. Qxd5 Qe8 26. Raa1 Nb5 27. Re3 Rd6 28. Qa2 Qd8 29. Nde4 Rd1+ 30. Rxd1 Qxd1+ 31. Kh2 Qh5 32. Qe2 Qxe2 33. Rxe2 f5 34. Ng3 f4 35. Nge4 f3 36. gxf3 Nxf3+ 37. Kg3 Ne5 38. f4 Nc6 39. Kf3 a5 40. bxa5 Nxa5 41. Rb2 Na3 42. Rb8+ Kh7 43. h4 N3c4 44. h5 Nc6 45. Rc8 Rf7 46. Ne6 Ne7 47. Rxc4 Nf5 48. Rc8 1-0


[Site "https://www.chess.com"]

[Event "Titled Tuesday Blitz September 20 Late 2022"]
[White "Rustemov, Alexander"]
[Black "Kavutskiy, Konstantin"]
[WhiteFideId "4119002"]
[BlackFideId "2026384"]
[WhiteElo "2846"]
[BlackElo "2338"]
[Result "1/2-1/2"]
[Round "03"]
[TimeControl "180+1"]
[Date "2022.09.20"]
[WhiteClock "0:00:11"]
[BlackClock "0:00:05"]

1. d4 Nf6 2. c4 g6 3. Nf3 Bg7 4. g3 O-O 5. Bg2 d6 6. Nc3 Nc6 7. O-O e5 8. dxe5 dxe5 9. Bg5 Be6 10. Qa4 Qc8 11. Rfd1 Nd7 12. Nd5 Re8 13. Be3 Kh8 14. Rac1 f5 15. b4 e4 16. Nd4 Nxd4 17. Bxd4 c6 18. Nf4 Ne5 19. Qc2 Bf7 20. Qc3 Qc7 21. h4 b6 22. c5 b5 23. a3 a5 24. h5 g5 25. h6 Bxh6 26. Nh3 Kg8 27. Qe3 Qe7 28. Ba1 axb4 29. axb4 Bd5 30. Qc3 Bg7 31. Qd2 h6 32. Bd4 Nc4 33. Qc2 Bxd4 34. Rxd4 Qe5 35. Rcd1 Ra3 36. e3 Rea8 37. Qe2 Ra1 38. Qh5 Kg7 39. Nxg5 Rxd1+ 40. Rxd1 hxg5 41. Qxg5+ Kf7 42. Qh5+ Ke6 43. Bh3 Qf6 44. g4 Rg8 45. Kf1 Ne5 46. gxf5+ Ke7 47. Ke2 Bc4+ 48. Kd2 Nf3+ 49. Kc2 Bd3+ 50. Kb3 Rh8 51. Qg4 Qf7+ 52. Kb2 Rh4 53. Qg3 Qf6+ 54. Kb3 Bc4+ 55. Kc2 Bd3+ 56. Kb3 Bc4+ 57. Kc2 Bd3+ 58. Kb3 1/2-1/2


[Site "https://www.chess.com"]

[Event "Titled Tuesday Blitz September 20 Late 2022"]
[White "Shimanov, Aleksandr"]
[Black "Winterberg, Lukas"]
[WhiteFideId "4198603"]
[BlackFideId "24622702"]
[WhiteElo "2605"]
[BlackElo "2349"]
[Result "1-0"]
[Round "03"]
[TimeControl "180+1"]
[Date "2022.09.20"]
[WhiteClock "0:00:16"]
[BlackClock "0:00:02"]

1. e4 e6 2. d4 d5 3. Nc3 Nf6 4. Bg5 h6 5. Bxf6 Qxf6 6. a3 Qd8 7. f4 dxe4 8. Nxe4 Nd7 9. Nf3 Nf6 10. Bd3 Nxe4 11. Bxe4 Bd6 12. Qd2 c5 13. O-O-O Qc7 14. g3 O-O 15. dxc5 Bxc5 16. Ne5 Rb8 17. Kb1 b5 18. Qc3 b4 19. axb4 Rxb4 20. Nc6 Rxe4 21. Qxc5 Qb6 22. Ne7+ Kh7 23. Qxb6 axb6 24. Rd6 b5 25. Rb6 b4 26. Rb8 Rc4 27. Rd1 Re8 28. Nxc8 Rexc8 29. Rxc8 Rxc8 30. Rd4 Rb8 31. Ka1 Kg6 32. Ka2 b3+ 33. cxb3 Kf5 34. b4 f6 35. Kb3 g5 36. Kc4 e5 37. fxe5 fxe5 38. Rd6 e4 39. h3 e3 40. Kd3 Rxb4 41. Rxh6 Rb3+ 42. Ke2 Ke4 43. Re6+ Kd4 44. Kf3 e2+ 45. Kf2 Rxb2 46. Rxe2 Rxe2+ 47. Kxe2 Ke4 48. Kf2 Ke5 49. Ke3 Kf5 50. Kd4 1-0


[Site "https://www.chess.com"]

[Event "Titled Tuesday Blitz September 20 Late 2022"]
[White "Sjugirov, Sanan"]
[Black "Dimitrov, Atanas"]
[WhiteFideId "4189302"]
[BlackFideId "2901315"]
[WhiteElo "2609"]
[BlackElo "2684"]
[Result "1-0"]
[Round "03"]
[TimeControl "180+1"]
[Date "2022.09.20"]
[WhiteClock "0:00:07"]
[BlackClock "0:00:04"]

1. e4 c5 2. Nf3 d6 3. d4 cxd4 4. Nxd4 Nf6 5. Nc3 g6 6. Be3 Bg7 7. f3 Nc6 8. Qd2 Bd7 9. Nxc6 Bxc6 10. Bc4 a6 11. Bb3 Rc8 12. O-O-O O-O 13. h4 h5 14. Bh6 b5 15. Qg5 e6 16. Bxg7 Kxg7 17. e5 Nd5 18. Bxd5 exd5 19. exd6 Qxd6 20. Nxd5 Bxd5 21. Qxd5 Qxd5 22. Rxd5 Rc6 23. Rhd1 Re8 24. b3 Re2 25. R1d2 Re1+ 26. Kb2 Rh1 27. R5d4 Re6 28. a4 Re5 29. axb5 axb5 30. Kc3 Rf5 31. Kb4 Rc1 32. c3 Re5 33. Re4 Rf5 34. Red4 Re5 35. Rd5 Re3 36. R2d3 Re2 37. g4 hxg4 38. fxg4 Re4+ 39. R5d4 Re5 40. g5 Rh1 41. Rf4 Re7 42. Rdf3 Rb1 43. Rd4 Rb2 44. Rfd3 Ra7 45. Re4 Rc7 46. Re8 f6 47. gxf6+ Kxf6 48. Rf8+ Kg7 49. Rf4 Re2 50. Kxb5 Re5+ 51. Kb6 Rce7 52. Rfd4 R5e6+ 53. Rd6 Rxd6+ 54. Rxd6 Re3 55. Rc6 Re4 56. b4 Rxh4 57. b5 g5 58. Rc7+ Kf6 59. Rc8 g4 60. Rg8 Kf5 61. c4 Rh6+ 62. Kc5 Rg6 63. Rxg6 Kxg6 64. Kd4 g3 65. Ke3 Kg5 66. Kf3 Kh4 67. Kg2 1-0


[Site "https://www.chess.com"]

[Event "Titled Tuesday Blitz September 20 Late 2022"]
[White "Svane, Rasmus"]
[Black "Jaracz, Pawel"]
[WhiteFideId "4657101"]
[BlackFideId "1102222"]
[WhiteElo "2674"]
[BlackElo "2459"]
[Result "1-0"]
[Round "03"]
[TimeControl "180+1"]
[Date "2022.09.20"]
[WhiteClock "0:01:19"]
[BlackClock "0:00:03"]

1. Nf3 c5 2. c4 b6 3. g3 Bb7 4. Bg2 e6 5. O-O d6 6. Nc3 Nd7 7. d4 cxd4 8. Qxd4 a6 9. Bg5 Qc7 10. Rfd1 h6 11. Be3 Rc8 12. Rac1 Ngf6 13. Qd2 Be7 14. Bf4 e5 15. Be3 O-O 16. Nh4 Bxg2 17. Nf5 Nc5 18. Kxg2 Rfd8 19. Bxh6 gxh6 20. Qxh6 Ne6 21. Nd5 Nxd5 22. cxd5 Qb7 23. Nxe7+ Qxe7 24. dxe6 fxe6 25. Rd3 Rxc1 26. Qxc1 d5 27. Rc3 Rd7 28. Qh6 Rd8 29. Rc6 1-0


[Site "https://www.chess.com"]

[Event "Titled Tuesday Blitz September 20 Late 2022"]
[White "Tari, Aryan"]
[Black "Aldokhin, Ivan"]
[WhiteFideId "1510045"]
[BlackFideId "24115720"]
[WhiteElo "2612"]
[BlackElo "2243"]
[Result "1-0"]
[Round "03"]
[TimeControl "180+1"]
[Date "2022.09.20"]
[WhiteClock "0:00:30"]
[BlackClock "0:00:06"]

1. c4 Nf6 2. Nc3 g6 3. g3 d6 4. Bg2 Bg7 5. d4 O-O 6. Nf3 Nc6 7. O-O Bf5 8. Be3 Ne4 9. Nxe4 Bxe4 10. d5 Na5 11. b3 Bxa1 12. Qxa1 f6 13. Bh3 Bxf3 14. exf3 c5 15. Be6+ Kg7 16. h4 h5 17. f4 b5 18. cxb5 a6 19. b6 Qxb6 20. f5 Qb4 21. Qc1 Rh8 22. Bd2 Qb5 23. Bc3 Nb7 24. Qg5 Qe8 25. Re1 Nd8 26. Qf4 Ra7 27. fxg6 Nxe6 28. Rxe6 Qxg6 29. Qe3 Kf7 30. Kg2 Rg8 31. Kh2 Qf5 32. Qd2 Rg4 33. Re3 Re4 34. Qc2 1-0


[Site "https://www.chess.com"]

[Event "Titled Tuesday Blitz September 20 Late 2022"]
[White "Terry, Renato"]
[Black "Preotu, Razvan"]
[WhiteFideId "3803457"]
[BlackFideId "2613280"]
[WhiteElo "2577"]
[BlackElo "2407"]
[Result "1/2-1/2"]
[Round "03"]
[TimeControl "180+1"]
[Date "2022.09.20"]
[WhiteClock "0:00:05"]
[BlackClock "0:00:08"]

1. d4 Nf6 2. Nf3 g6 3. Bg5 Bg7 4. c3 O-O 5. Nbd2 d6 6. e4 c5 7. dxc5 dxc5 8. Bc4 Nc6 9. Qe2 Qc7 10. O-O Na5 11. Bd3 h6 12. Bh4 Nh5 13. Qe3 c4 14. Bc2 g5 15. Bg3 Qb6 16. Qxb6 axb6 17. Be5 Bxe5 18. Nxe5 Be6 19. g3 Rfd8 20. Nef3 Nc6 21. Rfd1 g4 22. Nh4 Ne5 23. a3 Rd6 24. Nf1 Rad8 25. Rxd6 Rxd6 26. Ne3 Nf6 27. Kf1 h5 28. Nhg2 Nd3 29. Bxd3 Rxd3 30. Nf4 Rd8 31. Nxe6 fxe6 32. Nxc4 Nxe4 33. Re1 Nd2+ 34. Nxd2 Rxd2 35. Re2 Rd1+ 36. Kg2 Kf7 37. Re5 Rd5 38. Re4 Rb5 39. Re2 Kf6 40. h3 Kf5 41. hxg4+ hxg4 42. f3 Rd5 43. fxg4+ Kxg4 44. Re4+ Kf5 45. Rb4 b5 46. Kf3 e5 47. g4+ Ke6 48. Ke3 Kd6 49. g5 Ke6 50. g6 Kf6 51. Rg4 Kg7 52. Rg5 e6 53. Rg1 Rd8 54. Rg2 Rf8 55. Rd2 Kxg6 56. Rd7 Rf7 57. Rd6 Kf5 58. Rb6 Rh7 59. Rxb5 Rh3+ 60. Kf2 Kf4 61. Rxb7 e4 62. Rf7+ Ke5 63. Ke2 Rh2+ 64. Rf2 Rh1 65. Kd2 Rb1 66. Kc2 Re1 67. Rh2 e3 68. Kd3 Kf4 69. Rh4+ Kg3 70. Re4 Kf3 71. Rxe6 Rd1+ 72. Kc2 e2 73. Rf6+ Ke3 74. Re6+ Kf3 75. Rf6+ Ke3 76. Re6+ Kf3 1/2-1/2


[Site "https://www.chess.com"]

[Event "Titled Tuesday Blitz September 20 Late 2022"]
[White "Timmermans, Mark"]
[Black "Brilej, Jaka"]
[WhiteFideId "1026399"]
[BlackFideId "14618818"]
[WhiteElo "2460"]
[BlackElo "2173"]
[Result "1-0"]
[Round "03"]
[TimeControl "180+1"]
[Date "2022.09.20"]
[WhiteClock "0:01:42"]
[BlackClock "0:00:45"]

1. e4 e6 2. d4 d5 3. Nd2 c5 4. exd5 Qxd5 5. Ngf3 cxd4 6. Bc4 Qd7 7. O-O Nc6 8. Nb3 a6 9. Nbxd4 Nxd4 10. Nxd4 Qc7 11. Qe2 Bd6 12. Bg5 Ne7 13. Rad1 O-O 14. Bxe6 Bxh2+ 15. Kh1 Ng6 16. Bxc8 Raxc8 17. g3 Bxg3 18. fxg3 Qxg3 19. Qg2 Qc7 20. Rd3 h6 21. Bc1 Rfe8 22. Rg3 Rcd8 23. c3 Kh7 24. Nf5 Re4 25. Qxe4 Rd7 26. Bxh6 gxh6 27. Rh3 Qe5 28. Rxh6+ Kg8 29. Rxg6+ fxg6 30. Qxe5 gxf5 31. Qe8+ Kg7 32. Qxd7+ Kg6 33. Qxf5+ Kg7 34. Rg1+ Kh6 35. Qh3# 1-0


[Site "https://www.chess.com"]

[Event "Titled Tuesday Blitz September 20 Late 2022"]
[White "Tristan, Leonardo"]
[Black "Xiong, Jeffery"]
[WhiteFideId "113816"]
[BlackFideId "2047640"]
[WhiteElo "2404"]
[BlackElo "2714"]
[Result "0-1"]
[Round "03"]
[TimeControl "180+1"]
[Date "2022.09.20"]
[WhiteClock "0:00:10"]
[BlackClock "0:01:37"]

1. d4 Nf6 2. Nf3 c5 3. c3 d5 4. Bf4 Qb6 5. Qb3 e6 6. e3 Bd7 7. Nbd2 Bc6 8. h3 Nbd7 9. Ne5 Be7 10. Nxc6 bxc6 11. Be2 O-O 12. O-O cxd4 13. cxd4 c5 14. dxc5 Nxc5 15. Qxb6 axb6 16. Bb5 Rfc8 17. Rfc1 Ne8 18. b4 Nb7 19. Rxc8 Rxc8 20. Ba6 Rc2 21. Bxb7 Rxd2 22. Rc1 g5 23. Be5 Bf6 24. Bxf6 Nxf6 25. a4 Ra2 26. Bc6 Ne4 27. f3 Ng3 28. Bb5 Rb2 29. Rc6 Rxb4 30. Rxb6 Ne2+ 31. Kh2 Nc3 32. Ra6 Nxb5 33. Rb6 Rxa4 34. Rxb5 h6 35. Kg3 Kg7 36. Rc5 Kf6 37. Rb5 Rc4 38. Ra5 Ke5 39. Ra7 Kf6 40. Ra5 Rc3 41. Kf2 Rc2+ 42. Kg3 h5 43. h4 gxh4+ 44. Kh3 Re2 45. Ra3 Kg5 46. Rb3 Re1 47. Ra3 Rh1# 0-1


[Site "https://www.chess.com"]

[Event "Titled Tuesday Blitz September 20 Late 2022"]
[White "Aggelis, Nikolaos"]
[Black "Tristan, Leonardo"]
[WhiteFideId "4213220"]
[BlackFideId "113816"]
[WhiteElo "2154"]
[BlackElo "2404"]
[Result "1-0"]
[Round "04"]
[TimeControl "180+1"]
[Date "2022.09.20"]
[WhiteClock "0:00:28"]
[BlackClock "0:00:04"]

1. e4 d5 2. exd5 Qxd5 3. Nc3 Qa5 4. Bc4 Nf6 5. d3 Bg4 6. Ne2 Nbd7 7. O-O e6 8. Bf4 Bd6 9. Bxd6 cxd6 10. Qd2 O-O 11. Ng3 d5 12. Bb3 e5 13. d4 Rad8 14. h3 Be6 15. Rfe1 Qc7 16. dxe5 Nxe5 17. Qf4 d4 18. Qxe5 Qxe5 19. Rxe5 dxc3 20. bxc3 Nd7 21. Rb5 b6 22. Bxe6 fxe6 23. Ne4 Rc8 24. a4 Rf5 25. Nd6 Rxb5 26. axb5 Rc7 27. c4 Ne5 28. c5 Rxc5 29. Rxa7 h6 30. Ra8+ Kh7 31. Rb8 Rxc2 32. Rxb6 Nd3 33. Ne4 Nf4 34. g3 Ne2+ 35. Kg2 Nd4 36. Rb7 Re2 37. Nf6+ Kg6 38. Ne8 Nf5 39. b6 Rb2 40. g4 Nh4+ 41. Kg3 Kg5 42. Rxg7+ Ng6 43. h4# 1-0


[Site "https://www.chess.com"]

[Event "Titled Tuesday Blitz September 20 Late 2022"]
[White "Atanasov, Anthony"]
[Black "Cukrowski, Filip"]
[WhiteFideId "2623897"]
[BlackFideId "1171097"]
[WhiteElo "1933"]
[BlackElo "2093"]
[Result "1-0"]
[Round "04"]
[TimeControl "180+1"]
[Date "2022.09.20"]
[WhiteClock "0:00:02"]
[BlackClock "0:00:20"]

1. Nf3 c5 2. e4 Nc6 3. d4 cxd4 4. Nxd4 e5 5. Nb5 a6 6. Nd6+ Bxd6 7. Qxd6 Qf6 8. Qd1 d6 9. Be3 Nge7 10. c4 O-O 11. Nc3 Nd4 12. Bd3 Be6 13. O-O Rac8 14. Rc1 Qg6 15. Bxd4 exd4 16. e5 Bf5 17. exd6 Bxd3 18. dxe7 Rfe8 19. Ne2 Bxc4 20. Qxd4 Be6 21. Rxc8 Bxc8 22. Qd8 Qc6 23. Rc1 Qd7 24. Rd1 Qc6 25. Qxe8+ Qxe8 26. Rd8 Bd7 27. f4 f6 28. Rxe8+ Bxe8 29. Nd4 Kf7 30. Nf5 Bd7 31. Nd6+ Kxe7 32. Nxb7 Bb5 33. Nc5 Kd6 34. Nb3 Kd5 35. Kf2 Ke4 36. g3 Kd3 37. a4 Bc4 38. Nc5+ Kc2 39. b4 Kc3 40. b5 axb5 41. axb5 Bxb5 42. Ne6 g6 43. Nf8 Bd3 44. Nxh7 f5 45. Nf8 Kd4 46. Nxg6 Kd5 47. Nh4 Ke6 48. Ng2 Be4 49. Ne3 Kf6 50. Ke2 Kg6 51. Kf2 Bc6 52. h3 Be4 53. Kg1 Kh5 54. Kf2 Kg6 55. g4 Kf6 56. gxf5 Bd3 57. Kg3 Be2 58. h4 Ba6 59. Kg4 Be2+ 60. Kg3 Bd3 61. h5 Be2 62. Kh4 Kg7 63. Kg5 Kf7 64. f6 Bd3 65. h6 Bh7 66. f5 Bg8 67. Ng4 Bh7 68. Ne5+ Kf8 69. Kf4 Kg8 70. Ke4 Kf8 71. Ng6+ Kf7 72. Ke5 Bg8 73. Ne7 Bh7 74. Nd5 Bg8 75. Ne3 Bh7 76. Ng2 Bg8 77. Nf4 Bh7 78. Nd5 Bg8 79. Kf4 Bh7 80. Kg4 Bg8 81. Kg5 Bh7 82. Ne7 Kf8 83. Nc6 Kf7 84. Ne5+ Kf8 85. f7 Ke7 86. f8=Q+ Kxf8 87. Kf6 Bg8 88. Ng6+ Ke8 89. Kg7 1-0


[Site "https://www.chess.com"]

[Event "Titled Tuesday Blitz September 20 Late 2022"]
[White "Baskakov, Egor"]
[Black "Rustemov, Alexander"]
[WhiteFideId "24197866"]
[BlackFideId "4119002"]
[WhiteElo "2211"]
[BlackElo "2841"]
[Result "0-1"]
[Round "04"]
[TimeControl "180+1"]
[Date "2022.09.20"]
[WhiteClock "0:00:10"]
[BlackClock "0:00:19"]

1. c4 c5 2. g3 g6 3. Bg2 Bg7 4. Nc3 Nc6 5. e3 Bxc3 6. bxc3 Qc7 7. Ne2 b6 8. O-O Bb7 9. d3 d6 10. e4 h6 11. Nf4 e6 12. Re1 Nf6 13. d4 Na5 14. e5 dxe5 15. Bxb7 Nxb7 16. dxe5 Nd7 17. Nd5 Qc6 18. Qf3 Kf8 19. Bf4 Na5 20. Rad1 Kg7 21. Qe2 Rad8 22. Nf6 Qa4 23. Qg4 Nxc4 24. Re4 h5 25. Rxc4 Qxc4 26. Bh6+ Rxh6 27. Ne8+ Kf8 28. Qxc4 Nxe5 29. Qe2 Rxd1+ 30. Qxd1 Kxe8 31. Qd6 Nd7 32. Qc6 Ke7 33. Qc7 a5 34. Kg2 g5 35. Kf3 g4+ 36. Ke3 Rf6 37. Ke2 Rf5 38. Qc8 Rd5 39. Qg8 b5 40. Qa8 a4 41. Qa5 c4 42. Qb4+ Kf6 43. Qa5 Ne5 44. Qa8 Kg7 45. Qe8 Nf3 46. h4 Rd2+ 47. Ke3 Rd3+ 48. Ke2 Rxc3 49. Qxb5 Nd4+ 0-1


[Site "https://www.chess.com"]

[Event "Titled Tuesday Blitz September 20 Late 2022"]
[White "Bykhovsky, Anatoly"]
[Black "Bortnyk, Olexandr"]
[WhiteFideId "2806991"]
[BlackFideId "14120828"]
[WhiteElo "2540"]
[BlackElo "2723"]
[Result "0-1"]
[Round "04"]
[TimeControl "180+1"]
[Date "2022.09.20"]
[WhiteClock "0:00:10"]
[BlackClock "0:00:04"]

1. d4 d6 2. e4 Nf6 3. Nc3 Nbd7 4. Nf3 e5 5. Bc4 Be7 6. O-O c6 7. a4 h6 8. Re1 Qc7 9. b3 Nf8 10. Ba3 Ng6 11. h3 O-O 12. Qd2 Nf4 13. Rad1 Kh7 14. dxe5 dxe5 15. Bd6 Bxd6 16. Qxd6 Qxd6 17. Rxd6 Ng6 18. Red1 Kg8 19. Kh2 Re8 20. g3 Be6 21. Bxe6 fxe6 22. Kg2 Kf7 23. Kf1 Ke7 24. Ke2 Nd5 25. exd5 Kxd6 26. Ne4+ Kc7 27. d6+ Kb6 28. h4 h5 29. c4 c5 30. d7 Red8 31. Rd6+ Kc7 32. Rxe6 Nf8 33. Rxe5 Nxd7 34. Rxh5 Re8 35. Nd2 Re7 36. Kd3 Ne5+ 37. Kc2 b6 38. Nc3 Re6 39. Nd5+ Kb7 40. Rg5 Rg8 41. Nf4 Ree8 42. Ne4 Kc6 43. Nc3 Nf3 44. Rg6+ Kb7 45. Ncd5 Ne5 46. Rg5 Nf3 47. Rg6 Nd4+ 48. Kd3 Re1 49. a5 bxa5 50. Kd2 Nf3+ 51. Kc3 Rc1+ 52. Kb2 Rf1 53. Nd3 Ne1 54. Nxc5+ Ka8 55. f4 Rf2+ 56. Kc3 Rc8 57. Ne4 Rf3+ 58. Kd4 Rxb3 59. Rxg7 Nf3# 0-1


[Site "https://www.chess.com"]

[Event "Titled Tuesday Blitz September 20 Late 2022"]
[White "Christiansen, Johan-Sebastian"]
[Black "Jobava, Baadur"]
[WhiteFideId "1512668"]
[BlackFideId "13601520"]
[WhiteElo "2513"]
[BlackElo "2582"]
[Result "0-1"]
[Round "04"]
[TimeControl "180+1"]
[Date "2022.09.20"]
[WhiteClock "0:00:03"]
[BlackClock "0:00:10"]

1. e4 e6 2. d4 d5 3. Nc3 dxe4 4. Nxe4 Bd7 5. Nf3 Bc6 6. Bd3 Nd7 7. O-O Ngf6 8. Ng3 g6 9. Qe2 Bg7 10. Ne5 Nxe5 11. dxe5 Nd5 12. Rd1 Qe7 13. c4 Nb4 14. Bb1 Bd7 15. Ne4 Bxe5 16. Bg5 f6 17. Bh4 O-O 18. f4 Bxf4 19. Bxf6 Rxf6 20. Rxd7 Qf8 21. Nxf6+ Qxf6 22. Be4 Rf8 23. Bxb7 Nc2 24. Rad1 Ne3 25. Re1 Ng4 26. g3 Be3+ 27. Kh1 h5 28. h3 Qh8 29. Rf1 Rxf1+ 30. Qxf1 Nf2+ 31. Kg2 Qxb2 32. Rd8+ Kg7 33. Rd7+ Kh6 34. Kf3 Bc5 35. Bc6 h4 36. Qe2 Qc3+ 37. Kg2 Qxg3+ 38. Kf1 Ne4 39. Bxe4 Qg1# 0-1


[Site "https://www.chess.com"]

[Event "Titled Tuesday Blitz September 20 Late 2022"]
[White "Czernek, Tymon"]
[Black "Yanchenko, Roman"]
[WhiteFideId "1199510"]
[BlackFideId "4137329"]
[WhiteElo "2007"]
[BlackElo "2514"]
[Result "0-1"]
[Round "04"]
[TimeControl "180+1"]
[Date "2022.09.20"]
[WhiteClock "0:00:10"]
[BlackClock "0:00:17"]

1. e4 e6 2. d4 d5 3. Nc3 Bb4 4. e5 Ne7 5. a3 Bxc3+ 6. bxc3 b6 7. Qg4 Kf8 8. Nf3 Ba6 9. Bxa6 Nxa6 10. h4 c5 11. h5 h6 12. Qf4 Rc8 13. Bd2 Kg8 14. g4 cxd4 15. Nxd4 Rc4 16. f3 Nb8 17. Qe3 Nbc6 18. Nb5 Rc5 19. Nd6 Qc7 20. g5 Nc8 21. gxh6 Nxd6 22. hxg7 Rh7 23. exd6 Qxd6 24. h6 d4 25. cxd4 Nxd4 26. Kd1 Rd5 27. c4 Nf5 28. Qc3 Rd3 29. Qb4 Rxh6 30. Rxh6 Nxh6 31. Ke2 Nf5 32. Qxd6 Rxd6 33. Bc3 e5 34. Rd1 Rxd1 35. Kxd1 f6 36. Ke2 Kxg7 37. Kd3 Kf7 38. Ke4 Ke6 39. f4 Nd6+ 40. Kf3 Nxc4 41. fxe5 fxe5 42. Ke4 Nd6+ 43. Ke3 Kd5 44. Kd3 e4+ 45. Ke3 Nc4+ 0-1


[Site "https://www.chess.com"]

[Event "Titled Tuesday Blitz September 20 Late 2022"]
[White "Donchenko, Alexander"]
[Black "Bluebaum, Matthias"]
[WhiteFideId "24603295"]
[BlackFideId "24651516"]
[WhiteElo "2572"]
[BlackElo "2633"]
[Result "1-0"]
[Round "04"]
[TimeControl "180+1"]
[Date "2022.09.20"]
[WhiteClock "0:00:28"]
[BlackClock "0:00:06"]

1. d4 Nf6 2. Nf3 d5 3. c4 e6 4. g3 Bb4+ 5. Bd2 a5 6. Bg2 O-O 7. Qc2 Be7 8. O-O c6 9. Rd1 Nbd7 10. Bf4 h6 11. Nbd2 Nh5 12. Be3 f5 13. Nb3 a4 14. Nc1 a3 15. b3 f4 16. Bd2 Qe8 17. Nd3 g5 18. Nfe5 Nxe5 19. Nxe5 Bf6 20. Bb4 Be7 21. Bxe7 Qxe7 22. Qg6+ Ng7 23. Qxh6 Nf5 24. Qh5 Qg7 25. gxf4 gxf4 26. Kh1 Qh6 27. Qg4+ Kh7 28. Rg1 Rg8 29. Qf3 Nxd4 30. Qd3+ Nf5 31. Bh3 Qf6 32. Rxg8 Kxg8 33. Rg1+ Kf8 34. Ng6+ Kf7 35. Nxf4 Bd7 36. Nh5 Qe5 37. Bxf5 exf5 38. Rg7+ Ke6 39. cxd5+ cxd5 40. Qd2 Rh8 41. Qg5 Rxh5 42. Qe7# 1-0


[Site "https://www.chess.com"]

[Event "Titled Tuesday Blitz September 20 Late 2022"]
[White "Garcia Garcia, Alejandro"]
[Black "Milikow, Yoav"]
[WhiteFideId "3516334"]
[BlackFideId "2822237"]
[WhiteElo "2142"]
[BlackElo "2341"]
[Result "0-1"]
[Round "04"]
[TimeControl "180+1"]
[Date "2022.09.20"]
[WhiteClock "0:01:16"]
[BlackClock "0:01:24"]

1. Nf3 Nf6 2. g3 g6 3. Bg2 Bg7 4. O-O O-O 5. c4 c5 6. Nc3 d5 7. cxd5 Nxd5 8. d4 Nc6 9. Nxd5 Qxd5 10. Ne5 Qxd4 11. Nxc6 bxc6 12. Be3 Qxb2 13. Rb1 Qxa2 14. Bxc6 Bf5 15. Bxa8 Qxb1 16. Qd5 Qb8 17. Bb7 Rd8 18. Qc6 Bd4 19. Bf4 e5 20. Bh6 Rd6 21. Qa4 Bd7 22. Qa5 Bh3 23. Rb1 c4 24. e3 Bb6 25. Qa4 Bd7 26. Qa6 Bxe3 0-1


[Site "https://www.chess.com"]

[Event "Titled Tuesday Blitz September 20 Late 2022"]
[White "Gurevich, Dmitry"]
[Black "Mahdavi, Reza"]
[WhiteFideId "2000407"]
[BlackFideId "12595926"]
[WhiteElo "2506"]
[BlackElo "2240"]
[Result "0-1"]
[Round "04"]
[TimeControl "180+1"]
[Date "2022.09.20"]
[WhiteClock "0:00:24"]
[BlackClock "0:00:51"]

1. d4 g6 2. c4 Bg7 3. e4 d6 4. Nc3 Nc6 5. Nge2 e5 6. Be3 f5 7. d5 Nce7 8. f3 Nf6 9. h3 O-O 10. Qd2 c6 11. g4 cxd5 12. cxd5 b5 13. a3 a5 14. g5 Nh5 15. Nxb5 fxe4 16. fxe4 Ba6 17. a4 Qd7 18. Rc1 Bxb5 19. axb5 Qxb5 20. Ng3 Qa4 21. Nxh5 Qxe4 22. Ng3 Qh4 23. Bf2 Rxf2 24. Qxf2 Rf8 25. Qg2 Nf5 26. Rg1 Qxg5 27. Rd1 Qe3+ 28. Be2 Nh4 0-1


[Site "https://www.chess.com"]

[Event "Titled Tuesday Blitz September 20 Late 2022"]
[White "Hansen, Eric"]
[Black "Martin Duque, Jesus"]
[WhiteFideId "2606771"]
[BlackFideId "2208954"]
[WhiteElo "2568"]
[BlackElo "2258"]
[Result "1-0"]
[Round "04"]
[TimeControl "180+1"]
[Date "2022.09.20"]
[WhiteClock "0:01:03"]
[BlackClock "0:01:15"]

1. e4 c5 2. Nf3 b6 3. c4 Bb7 4. Nc3 e6 5. Bd3 Nc6 6. O-O g6 7. e5 Bg7 8. Ne4 Nxe5 9. Nd6+ Ke7 10. Nxb7 Qc7 11. Be4 Rb8 12. Re1 f5 13. d4 fxe4 14. Bg5+ Bf6 15. dxe5 Bxg5 16. Nxg5 Qxe5 17. Rxe4 Qc7 18. Qf3 Nf6 19. Rae1 Rhf8 20. Rxe6+ dxe6 21. Rxe6+ Kd7 22. Qd3+ Kc8 23. Nd6+ Kd8 24. Nb5+ Qd7 25. Rd6 Rf7 26. Nxf7+ 1-0


[Site "https://www.chess.com"]

[Event "Titled Tuesday Blitz September 20 Late 2022"]
[White "Jaracz, Pawel"]
[Black "Sohal, Tanraj"]
[WhiteFideId "1102222"]
[BlackFideId "2608499"]
[WhiteElo "2459"]
[BlackElo "2200"]
[Result "1-0"]
[Round "04"]
[TimeControl "180+1"]
[Date "2022.09.20"]
[WhiteClock "0:00:50"]
[BlackClock "0:00:02"]

1. d4 Nf6 2. c4 e6 3. Nc3 d5 4. Nf3 c5 5. e3 cxd4 6. exd4 Be7 7. cxd5 exd5 8. Bd3 Nc6 9. O-O Bg4 10. Be3 O-O 11. h3 Bh5 12. g4 Bg6 13. Bxg6 hxg6 14. Ne5 Bd6 15. f4 Qb6 16. Na4 Qb4 17. a3 Qa5 18. b4 Qd8 19. Nc3 Ne4 20. Nxe4 dxe4 21. Qc2 Qh4 22. Kg2 Rfe8 23. Qxe4 f6 24. Qd5+ Kh7 25. Qxd6 fxe5 26. fxe5 Rad8 27. Qc5 Ne7 28. Rf7 Nd5 29. Bd2 b6 30. Qc6 Ne7 31. Qe4 Nc8 32. Qf4 Nd6 33. Be1 g5 34. Bxh4 gxf4 35. exd6 Rxd6 36. Rxf4 1-0


[Site "https://www.chess.com"]

[Event "Titled Tuesday Blitz September 20 Late 2022"]
[White "Kavutskiy, Konstantin"]
[Black "Maksimovic, Bojan"]
[WhiteFideId "2026384"]
[BlackFideId "14408120"]
[WhiteElo "2338"]
[BlackElo "2447"]
[Result "0-1"]
[Round "04"]
[TimeControl "180+1"]
[Date "2022.09.20"]
[WhiteClock "0:00:22"]
[BlackClock "0:00:19"]

1. d4 Nf6 2. c4 g6 3. Nc3 Bg7 4. e4 d6 5. h3 O-O 6. Be3 e5 7. d5 Nbd7 8. g4 Nc5 9. f3 h5 10. Nge2 Nh7 11. Qd2 h4 12. g5 f5 13. gxf6 Rxf6 14. f4 exf4 15. Nxf4 Bh6 16. O-O-O Qf8 17. Nd3 Nxd3+ 18. Bxd3 Bxe3 19. Qxe3 Rf3 20. Qg1 Rg3 21. Qe1 Bd7 22. Ne2 Qh6+ 23. Kb1 Rxh3 24. Rg1 Rf8 25. e5 Rxd3 26. Rxd3 Bf5 27. Nc1 dxe5 28. Qxe5 Qg7 29. Qe3 b6 30. a3 g5 31. Ka2 Bxd3 32. Nxd3 Qf6 33. Ne5 Re8 34. Re1 Qf4 35. Qh3 Rxe5 36. Qc8+ Nf8 0-1


[Site "https://www.chess.com"]